 Dungeon Crawl Stone Soup version 0.30-a0-802-gb92711bcdf (webtiles) character file.

Game seed: 4463317271784762536

396 cforsyth the Sneak (level 7, -1/64 HPs)
             Began as a Kobold Brigand on Feb 25, 2023.
             Slain by an orc
             ... wielding a +0 war axe
              (2 damage)
             ... on level 4 of the Dungeon.
             The game lasted 00:06:56 (4362 turns).

cforsyth the Sneak (Kobold Brigand)                 Turns: 4362, Time: 00:06:57

Health: -1/64      AC: 23    Str:  6 (8)  XL:     7   Next: 9%
Magic:  6/6        EV:  3    Int: 13      God:
Gold:   141        SH:  0    Dex: 17 (18) Spells: 6/6 levels left

rFire   . . .      SeeInvis .    a - +3 dagger (elec)
rCold   . . .      Faith    .    (no shield)
rNeg    . . .      Spirit   .    (body armour currently unavailable)
rPois   +          Reflect  .    (helmet currently unavailable)
rElec   .          Harm     .    (cloak currently unavailable)
rCorr   .          Rampage  .    (gloves currently unavailable)
Will    +....      NoTele   +    (boots currently unavailable)
Stlth   ++++                     (no amulet)
HPRegen 0.30/turn                (no ring)
MPRegen 0.10/turn                (no ring)

@: tree-form, silenced, invisible
A: stationary, stasis, torment immunity, boosted hp, small, no large weapons,
nightstalker 3, (iridescent scales 1), low MP 1, strong-willed 1
a: no special abilities


You were on level 4 of the Dungeon.
You were a tree.
You visited 1 branch of the dungeon, and saw 4 of its levels.
You also visited: Sewer.

You collected 141 gold pieces.

Inventory:

Hand Weapons
 a - a +3 dagger of electrocution (weapon)
Missiles
 d - 11 poisoned darts (quivered)
 e - 3 curare-tipped darts
Armour
 b - a +0 robe (melded)
 c - a +0 cloak
 l - a +0 pair of gloves (melded)
 t - a scarf of resistance (melded)
 w - a +0 pair of boots (melded)
Jewellery
 h - a ring of see invisible
 r - an amulet of faith
Scrolls
 m - 7 scrolls of identify {unknown}
 q - a scroll of blinking {unknown}
 s - 2 scrolls of enchant weapon
 u - a scroll of immolation {unknown}
Potions
 f - a potion of haste {unknown}
 g - 3 potions of flight
 i - a potion of mutation
 n - a potion of resistance


   Skills:
 + Level 4.3 Fighting
 + Level 5.2 Short Blades
 - Level 2.1 Throwing
 + Level 4.0 Dodging
 + Level 7.1 Stealth


You had 6 spell levels left.
You didn't know any spells.
Your spell library contained the following spells:

 Spells                   Type           Power      Damage    Failure   Level
 Beastly Appendage        Tmut           0%         N/A       30%         1
 Wereblood                Tmut           0%         N/A       43%         2
 Inner Flame              Hex/Fire       0%         N/A       67%         3
 Spider Form              Tmut/Pois      0%         N/A       67%         3
 Flame Wave               Conj/Fire      0%         2d4       97%         4
 Sticky Flame             Conj/Fire      0%         2d3       97%         4


Dungeon Overview and Level Annotations

Branches:
Dungeon (4/15)              Sewer (visited)
 Temple: D:4-7

Altars:
Vehumet

Shops:
D:3 (


Innate Abilities, Weirdness & Mutations

You are a tree.
Your roots penetrate the ground, keeping you stationary.
You cannot be teleported.
You are immune to unholy pain and torment.
Your maximum health is greatly increased.
Your equipment is partially melded.
You are small and have problems with some larger weapons.
You are completely attuned to the shadows.
((You are partially covered in iridescent scales. (AC +2)))
Your magical capacity is low. (-10% MP)
You are strong-willed. (Will+)


Message History

You kill the jackal!
The jackal barely misses you.
The hobgoblin hits you but does no damage.
The orc hits you from afar with a +0 trident.
* * * LOW HITPOINT WARNING * * *
The orc hits you with a +0 war axe.
* * * LOW HITPOINT WARNING * * *
The dart slug bites you but does no damage.
You hit the orc priest.
The orc priest is moderately wounded.
The jackal bites you but does no damage.
The orc hits you but does no damage. The hobgoblin barely misses you.
The orc hits you but does no damage.
You hit the orc. Lightning courses through the orc!
You kill the orc!
The jackal barely misses you.
The dart slug bites you but does no damage.
You hit the jackal but do no damage. Lightning courses through the jackal!!
You kill the jackal!
The hobgoblin throws a poisoned dart.
The poisoned dart hits you!
The orc hits you from afar with a +0 trident.
* * * LOW HITPOINT WARNING * * *
The orc throws a boomerang.
The boomerang hits you but does no damage.
The orc barely misses you.
You puncture the orc priest!
The orc priest is severely wounded.
The orc hits you but does no damage.
The orc priest hits you but does no damage.
The orc throws a boomerang.
The boomerang hits you.
* * * LOW HITPOINT WARNING * * *
The orc barely misses you.
The hobgoblin hits you but does no damage.
The dart slug bites you but does no damage.
Unknown command.
You catch the helpless orc priest completely off-guard!
You impale the orc priest!!
You kill the orc priest!
The orc hits you but does no damage. The orc hits you with a +0 war axe.
You die...

**#......## ##..# ####.
*,..####.## #..# #.
**,*.####..####..#** #.
*,,,..............,* #.
*,**####'#######**,* *,
*,****,#.#.....,**,* **
*,**,,,#.##.J.*,,*,*
*,**,,,#..##o#****,*******
*
*,*,,,,#...#♣#..,+,,,,,,,*
*
*,*,,,+#...)owo.#*,*****,*
* *,*,**#.....go.##*,* *,*
*
*,***#.........#,*,*****,*
*
*,+,,.........#',*,,,,,,,*
*
*,****....?....*,*,*******
* *,*,***,,,,,,,,***,* *
*,*,,,+*,,,,,,,,**,* *
*,*,,,,*,,,*+*,,,+,* *


You could see a dart slug (unsilenced, unable to see you), 4 orcs, an endoplasm
(unsilenced) and a hobgoblin (strong, unable to see you).

Vanquished Creatures
  2 orc priests (D:4)
  Terence (D:2)
  An orc wizard (D:4)
  13 adders
  4 gnolls (D:3)
  3 river rats
  5 worms
  4 dart slugs
  13 orcs
  10 ball pythons
  5 endoplasms
  2 giant cockroaches (D:3)
  5 goblins
  7 hobgoblins
  4 jackals (D:4)
  6 bats
  9 frilled lizards
  7 kobolds
  15 rats
116 creatures vanquished.

Notes
Turn   | Place    | Note
-------+----------+-------------------------------------------
     0 | D:1      | cforsyth the Kobold Brigand began the quest for the Orb.
     0 | D:1      | Reached XP level 1. HP: 12/12 MP: 1/1
    90 | D:1      | Reached XP level 2. HP: 18/18 MP: 2/2
   549 | D:1      | Found a faded altar of an unknown god.
   602 | D:1      | Reached XP level 3. HP: 22/22 MP: 3/3
   856 | D:2      | Noticed Terence
   861 | D:2      | Killed Terence
   862 | D:2      | Reached XP level 4. HP: 27/27 MP: 4/4
   868 | D:2      | Identified the +1 ring mail of Roxyrey {Harm rC+}
   945 | D:2      | Reached skill level 6 in Stealth
  1761 | D:3      | Found Wugirits's Antique Weapon Emporium.
  1919 | D:3      | Reached XP level 5. HP: 32/32 MP: 5/5
  2516 | D:3      | HP: 1/32 [gnoll/+0 halberd (9)]
  2521 | D:3      | Gained mutation: Your magical capacity is low. (-10% MP)
                  | [potion of mutation]
  2521 | D:3      | Gained mutation: You are partially covered in iridescent
                  | scales. (AC +2) [potion of mutation]
  2521 | D:3      | Gained mutation: You are strong-willed. (Will+) [potion of
                  | mutation]
  3457 | D:4      | Reached XP level 6. HP: 13/38 MP: 5/5
  3549 | D:4      | Found a glowing drain.
  3553 | Sewer    | Entered a sewer
  3942 | D:4      | Found a radiant altar of Vehumet.
  3963 | D:4      | Reached skill level 5 in Short Blades
  3986 | D:4      | Reached skill level 7 in Stealth
  4005 | D:4      | Reached XP level 7. HP: 37/43 MP: 6/6
  4361 | D:4      | HP: 1/64 [orc/boomerang (4)]
  4362 | D:4      | Slain by an orc

Illustrated notes

Levels and vault maps discovered:
D:1:      mrwooster_arrival_statue_3, layout_basic,
          ebering_ecumenical_altar_hall
D:2:      layout_loops_ring, kennysheep_generic_room_12, uniq_terence
D:3:      layout_loops_corners, serial_shops, nicolae_diamond_shop, st_stairs_4
D:4:      layout_loops_ring, mainiacjoe_overflow_cross_hatched,
          lightli_sewer_entry_pipes, minmay_pentangle

Skill      XL: |  1  2  3  4  5  6  7 |
---------------+----------------------+-----
Short Blades   | 3 4 5 |  5.2
Dodging        | 2 3 4 |  4.0
Fighting       | 3 4 |  4.3
Stealth        | 6 7 |  7.1
Throwing       | |  2.1

Action                     |  1- 3 |  4- 6 |  7- 9 || total
---------------------------+-------+-------+-------++-------
  Melee: Dagger            |    36 |   199 |    59 ||   294
         Punch             |     1 |     1 |     2 ||     4
    Use: Potion            |       |     5 |     3 ||     8
         Scroll            |       |     6 |     1 ||     7
   Stab: Sleeping          |    22 |    24 |     1 ||    47
         Distracted        |       |     4 |       ||     4
         Invisible         |       |       |     1 ||     1
 Armour: Robe              |     3 |    29 |    13 ||    45
         Skin              |       |       |    65 ||    65
  Dodge: Dodged            |    14 |   111 |    49 ||   174

Table legend: (Time is in decaauts)
 A = Elapsed time spent in this place.
 B = Non-inter-level travel time spent in this place.
 C = Inter-level travel time spent in this place.
 D = Time resting spent in this place.
 E = Time spent auto-exploring this place.
 F = Levels seen in this place.
 G = Mean time per level.
                   A        B        C        D        E       F      G
               +--------+--------+--------+--------+--------+-----+--------+
         Total |   4389 |   4274 |    115 |    825 |   2599 |   5 |  877.8 |
       Dungeon |   4006 |   3891 |    115 |    825 |   2368 |   4 | 1001.5 |
         Sewer |    383 |    383 |      0 |      0 |    230 |   1 |  383.0 |
               +--------+--------+--------+--------+--------+-----+--------+

Top non-repeatable levels by time:
     D:3: 1668 daAuts
     D:2: 1178 daAuts
     D:1: 729 daAuts
     D:4: 429 daAuts
   Sewer: 383 daAuts
